Map: Blueshift LE

Players

IIIIIIIIIIII - Winner!

  • Race: Zerg Zerg
  • League: Master
  • Spawn Location: 1:00

A.I. 1 (Elite)

  • Race: Terran Terran
  • Spawn Location: 7:00

VOD

Have the link to the VOD?

Description

Time

  • Played on: Aug. 17, 2018, 1:39 p.m.
  • Length: 6:16
Show
View Real Time Build Order
Export as new Build Order

IIIIIIIIIIII Zerg - Winner!

Build Orders: Hatch First 

Get SALT Encoding   

  12  0:02  Drone  
  13  0:12  Overlord  
  13  0:17  Drone  
  14  0:31  Drone x2  
  14  0:34  Drone  
  17  0:52  Hatchery  
  17  0:54  Drone  
  17  0:57  Drone  
  18  1:08  Extractor  
  17  1:12  Spawning Pool  
  17  1:15  Drone  
  17  1:18  Drone  
  18  1:28  Drone  
  19  1:38  Overlord  
  19  1:59  Queen  
  22  2:01  Zergling x4  
  22  2:04  Queen  
  22  2:05  Zergling x2  
  26  2:09  Metabolic Boost  
  26  2:11  Drone  
  26  2:15  Drone  
  28  2:23  Drone  
  28  2:27  Drone  
  30  2:35  Queen  
  32  2:39  Queen  
  32  2:43  Overlord  
  32  2:44  Overlord  
  34  3:01  Drone x2  
  36  3:05  Hatchery  
  36  3:07  Drone  
  36  3:08  Drone  
  36  3:11  Drone  
  38  3:14  Drone  
  38  3:15  Drone  
  38  3:18  Drone  
  41  3:20  Drone  
  41  3:23  Drone  
  41  3:25  Drone  
  44  3:27  Drone  
  44  3:31  Extractor  
  44  3:35  Roach Warren  
  43  3:48  Overlord x3  
  43  4:19  Roach x4  
  43  4:20  Roach x7  
  43  4:23  Roach  
  67  4:29  Zergling x6  
  70  4:32  Overlord  
  70  4:41  Zergling x6  
  70  4:45  Zergling x2  
  74  4:50  Zergling x2  
  74  4:51  Zergling x8  
  79  4:55  Overlord  
  79  4:58  Zergling x4  
  81  5:02  Zergling x2  
  82  5:10  Zergling x2  
  82  5:11  Zergling x6  
  76  5:15  Ravager x3  
  76  5:16  Drone  
  76  5:17  Drone  
  80  5:26  Ravager  
  81  5:39  Drone x2  
  81  5:40  Drone x2  
  81  5:41  Drone x2  
  83  5:52  Drone x9  
Show
View Real Time Build Order
Export as new Build Order

A.I. 1 (Elite) Terran 

Build Orders: Command Center First (CC), MMM Bio 

Get SALT Encoding   

  12  0:00  SCV  
  13  0:13  SCV  
  14  0:18  Supply Depot  
  14  0:25  SCV  
  15  0:40  SCV  
  16  0:52  SCV  
  17  1:03  Command Center  
  17  1:04  SCV  
  18  1:16  Barracks  
  18  1:17  SCV  
  19  1:46  Supply Depot  
  19  1:50  Refinery  
  19  1:51  SCV  
  20  2:03  Marine  
  20  2:04  Orbital Command  
  21  2:10  Barracks  
  21  2:15  SCV  
  21  2:19  Refinery  
  21  2:21  Marine  
  23  2:27  SCV  
  24  2:36  Supply Depot  
  24  2:39  Marine  
  24  2:40  SCV  
  26  2:47  Orbital Command  
  26  2:54  SCV  
  26  2:56  Marine  
  26  2:57  Marine  
  29  3:04  Factory  
  29  3:07  SCV  
  30  3:14  Marine x2  
  30  3:15  SCV  
  30  3:19  SCV  
  34  3:27  SCV  
  34  3:31  SCV  
  34  3:32  Marine x2  
  38  3:36  Barracks  
  38  3:40  SCV  
  39  3:43  SCV  
  40  3:49  Starport, Factory Tech Lab  
  40  3:51  Barracks Tech Lab x2  
  40  3:52  SCV  
  42  3:55  SCV  
  42  4:04  SCV  
  42  4:07  SCV  
  42  4:08  Combat Shields  
  42  4:09  Stimpack, Marine x2  
  46  4:13  Supply Depot  
  46  4:20  SCV  
  46  4:21  SCV  
  48  4:25  Marine  
  48  4:27  Marine x2  
  51  4:32  SCV  
  51  4:33  SCV  
  51  4:35  Supply Depot  
  51  4:36  Medivac  
  55  4:44  SCV  
  57  4:45  SCV  
  57  4:46  Siege Tank  
  57  4:47  Marine  
  57  4:49  Supply Depot, Marine  
  62  4:56  SCV, Marine  
  62  4:57  SCV  
  62  4:58  Supply Depot  
  65  5:03  Refinery  
  65  5:05  Marauder  
  67  5:07  Marauder  
  67  5:08  SCV  
  67  5:13  SCV, Refinery  
  67  5:14  Marine  
  62  5:20  SCV  
  57  5:25  SCV  
  57  5:27  Marauder  
  59  5:28  Marine  
  59  5:31  Marine  
  59  5:32  SCV  
  54  5:37  SCV  
  44  5:45  SCV  
  44  5:46  Marine  
  44  5:48  Marine  
  44  5:49  Marine  
  27  6:02  SCV x2  
Tags
 
Add a new tag
Caveats
  • Supply blocks, unpowered buildings, or Contaminate may cause inaccurate times.
  • Supply counts are checked every 10 seconds.